SAA
IRVING BLUE SOX @ GLENDALE HERONS
07/30/2031
 
TOP OF THE 1ST
Irving Blue Sox batting - Pitching for Glendale Herons : RHP Kagetoki Matsubara
Pitching: RHP Kagetoki Matsubara
Batting: LHB Ed Gordon 0-0: Called Strike
0-1: Bunt missed!
0-2: Strikes out swinging
Batting: RHB Carlos Garza 0-0: Ball
1-0: Foul Ball, location: 2F
1-1: Ball
2-1: TRIPLE (Flyball, 8LXD)
Batting: LHB Mike Clifton 0-0: Ground out U3 (Groundball, 34)
Carlos Garza scores
Batting: LHB Juan Jimínez 0-0: Ball
1-0: Swinging Strike
1-1: Swinging Strike
1-2: SOLO HOME RUN (Flyball, 9D), Distance : 373 ft
Batting: RHB Vince Staples 0-0: Called Strike
0-1: Ball
1-1: Foul Ball, location: 2F
1-2: Foul Ball, location: 2F
1-2: Ball
2-2: Ball
3-2: Base on Balls
Batting: RHB Scotty Smalls 0-0: SINGLE (Groundball, 56D)
Vince Staples to second
Batting: LHB Ricardo Ríos 0-0: Ball
1-0: Called Strike
1-1: Fly out, F4 (Popup, 4M)
Top of the 1st over - 2 runs, 3 hits, 0 errors, 2 left on base; Irving 2 - Glendale 0
BOTTOM OF THE 1ST
Glendale Herons batting - Pitching for Irving Blue Sox : RHP Manuel Montero
Pitching: RHP Manuel Montero
Batting: RHB Francisco Guerra 0-0: Called Strike
0-1: Ball
1-1: Called Strike
1-2: Strikes out swinging
Batting: RHB Jeff Hunter 0-0: Ball
1-0: Foul Ball, location: 2F
1-1: Foul Ball, location: 2F
1-2: SINGLE (Groundball, 6MD)
Batting: RHB Michael Sweeney 0-0: Foul Ball, location: 2F
0-1: Ball
1-1: Ball
2-1: Ground out U3 (Groundball, 34)
Jeff Hunter to second
Batting: LHB Jin-song Seah 0-0: Ball
1-0: SINGLE (Groundball, 4MD)
Jeff Hunter to third
Runner from 3rd tries for Home, SAFE, throw made home
Batting: LHB Xu Cheng 0-0: Ball
Jin-song Seah steals 2nd base
1-0: Foul Ball, location: 2F
1-1: Ball
2-1: Foul Ball, location: 2F
2-2: Ball
3-2: Base on Balls
Batting: SHB Tommy Dreamer 0-0: Called Strike
0-1: Called Strike
0-2: Foul Ball, location: 2F
0-2: Foul Ball, location: 2F
0-2: Ball
1-2: Ground out U3 (Groundball, 3)
Bottom of the 1st over - 1 run, 2 hits, 0 errors, 2 left on base; Irving 2 - Glendale 1
TOP OF THE 2ND
Irving Blue Sox batting - Pitching for Glendale Herons : RHP Kagetoki Matsubara
Batting: RHB Enrique Gómez 0-0: Called Strike
0-1: Foul Ball, location: 2F
0-2: Ball
1-2: Ball
2-2: Ball
3-2: Base on Balls
Batting: RHB Justin Smelter 0-0: Ball
1-0: Ball
2-0: Ball
3-0: Base on Balls
Enrique Gómez to second
Batting: LHB Ed Gordon 0-0: Ball
1-0: Called Strike
1-1: Ball
2-1: Swinging Strike
2-2: Fly out, F9 (Line Drive, 9D)
Runner from 2nd tags up, SAFE at 3rd, no throw
Batting: RHB Carlos Garza 0-0: Called Strike
0-1: Ball
1-1: Reached via error on a dropped throw, E6
Enrique Gómez scores
Justin Smelter to second
Batting: LHB Mike Clifton 0-0: Grounds into double play, 4-6-3 (Groundball, 4)
Top of the 2nd over - 1 run, 0 hits, 1 error, 1 left on base; Irving 3 - Glendale 1
BOTTOM OF THE 2ND
Glendale Herons batting - Pitching for Irving Blue Sox : RHP Manuel Montero
Batting: RHB Hatui Haunani 0-0: Ball
1-0: Called Strike
1-1: Ball
2-1: Called Strike
2-2: Ball
3-2: Ground out 6-3 (Groundball, 6)
Batting: RHB Luis Trevino 0-0: Ball
1-0: Swinging Strike
1-1: Foul Ball, location: 2F
1-2: Foul Ball, location: 2F
1-2: Ball
2-2: Foul Ball, location: 2F
2-2: Ball
3-2: Strikes out looking
Batting: SHB Jesús Herrera 0-0: Fly out, F8 (Flyball, 8LS)
Bottom of the 2nd over - 0 runs, 0 hits, 0 errors, 0 left on base; Irving 3 - Glendale 1
TOP OF THE 3RD
Irving Blue Sox batting - Pitching for Glendale Herons : RHP Kagetoki Matsubara
Batting: LHB Juan Jimínez 0-0: Ball
1-0: Ball
2-0: Called Strike
2-1: Ball
3-1: Called Strike
3-2: Fly out, F9 (Flyball, 9S)
Batting: RHB Vince Staples 0-0: Ball
1-0: Ball
2-0: Ball
3-0: Called Strike
3-1: SOLO HOME RUN (Flyball, 78XD), Distance : 387 ft
Batting: RHB Scotty Smalls 0-0: Called Strike
0-1: Foul Ball, location: 2F
0-2: Ball
1-2: DOUBLE (Line Drive, 7LM)
Batting: LHB Ricardo Ríos 0-0: Ball
1-0: Ball
2-0: Swinging Strike
2-1: Foul Ball, location: 2F
2-2: Ball
3-2: Fly out, F8 (Flyball, 8RM)
Batting: RHB Enrique Gómez 0-0: Ball
1-0: Called Strike
1-1: Swinging Strike
1-2: Strikes out swinging
Top of the 3rd over - 1 run, 2 hits, 0 errors, 1 left on base; Irving 4 - Glendale 1
BOTTOM OF THE 3RD
Glendale Herons batting - Pitching for Irving Blue Sox : RHP Manuel Montero
Batting: RHB Francisco Guerra 0-0: Foul Ball, location: 2F
0-1: Swinging Strike
0-2: Strikes out looking
Batting: RHB Jeff Hunter 0-0: Ball
1-0: Ground out 6-3 (Groundball, 56)
Batting: RHB Michael Sweeney 0-0: Swinging Strike
0-1: Ball
1-1: Called Strike
1-2: Ball
2-2: Ball
3-2: Ground out 6-3 (Groundball, 6)
Bottom of the 3rd over - 0 runs, 0 hits, 0 errors, 0 left on base; Irving 4 - Glendale 1
TOP OF THE 4TH
Irving Blue Sox batting - Pitching for Glendale Herons : RHP Kagetoki Matsubara
Batting: RHB Justin Smelter 0-0: Foul Ball, location: 2F
0-1: Ball
1-1: Ball
2-1: Foul Ball, location: 2F
2-2: Strikes out swinging
Batting: LHB Ed Gordon 0-0: Swinging Strike
0-1: Ball
1-1: Ball
2-1: Ball
3-1: Fly out, F8 (Flyball, 89D)
Batting: RHB Carlos Garza 0-0: Ball
1-0: Called Strike
1-1: Foul Ball, location: 2F
1-2: Ball
2-2: Ball
3-2: Foul Ball, location: 2F
3-2: Foul Ball, location: 2F
3-2: Strikes out swinging
Top of the 4th over - 0 runs, 0 hits, 0 errors, 0 left on base; Irving 4 - Glendale 1
BOTTOM OF THE 4TH
Glendale Herons batting - Pitching for Irving Blue Sox : RHP Manuel Montero
Batting: LHB Jin-song Seah 0-0: Called Strike
0-1: Foul Ball, location: 2F
0-2: Foul Ball, location: 2F
0-2: SINGLE (Groundball, 4MD)
Batting: LHB Xu Cheng 0-0: Ball
1-0: Foul Ball, location: 2F
1-1: Called Strike
1-2: Grounds into double play, 6-4-3 (Groundball, 6M)
Batting: SHB Tommy Dreamer 0-0: Foul Ball, location: 2F
0-1: Ball
1-1: Called Strike
1-2: Foul Ball, location: 2F
1-2: Foul Ball, location: 2F
1-2: Ball
2-2: Foul Ball, location: 2F
2-2: SINGLE (Flyball, 7LS)
Batting: RHB Hatui Haunani 0-0: Ball
1-0: Called Strike
Tommy Dreamer steals 2nd base
1-1: Called Strike
1-2: Ball
2-2: Foul Ball, location: 2F
2-2: Strikes out swinging
Bottom of the 4th over - 0 runs, 2 hits, 0 errors, 1 left on base; Irving 4 - Glendale 1
TOP OF THE 5TH
Irving Blue Sox batting - Pitching for Glendale Herons : RHP Kagetoki Matsubara
Batting: LHB Mike Clifton 0-0: Called Strike
0-1: Foul Ball, location: 2F
0-2: Ball
1-2: Strikes out looking
Batting: LHB Juan Jimínez 0-0: Called Strike
0-1: Called Strike
0-2: Foul Ball, location: 2F
0-2: Strikes out swinging, 2-3 out at first.
Batting: RHB Vince Staples 0-0: Foul Ball, location: 2F
0-1: Ball
1-1: Ball
2-1: Foul Ball, location: 2F
2-2: Ball
3-2: Fly out, F9 (Flyball, 9)
Top of the 5th over - 0 runs, 0 hits, 0 errors, 0 left on base; Irving 4 - Glendale 1
BOTTOM OF THE 5TH
Glendale Herons batting - Pitching for Irving Blue Sox : RHP Manuel Montero
Batting: RHB Luis Trevino 0-0: Ball
1-0: Called Strike
1-1: SINGLE (Groundball, 56D)
Batting: SHB Jesús Herrera 0-0: Ball
1-0: Sac Bunt - play at first, batter OUT! 5-4
Luis Trevino to second
Batting: RHB Francisco Guerra 0-0: Ball
1-0: Ball
2-0: Ball
3-0: Called Strike
3-1: Foul Ball, location: 2F
3-2: TRIPLE (Flyball, 89XD)
Luis Trevino scores
Batting: RHB Jeff Hunter 0-0: Ball
1-0: Ball
2-0: Ball
3-0: Called Strike
3-1: Ground out 6-3 (Groundball, 56)
Batting: RHB Michael Sweeney 0-0: Ground out U3 (Groundball, 3)
Bottom of the 5th over - 1 run, 2 hits, 0 errors, 1 left on base; Irving 4 - Glendale 2
TOP OF THE 6TH
Irving Blue Sox batting - Pitching for Glendale Herons : RHP Kagetoki Matsubara
Batting: RHB Scotty Smalls 0-0: SINGLE (Line Drive, 4)
Batting: LHB Ricardo Ríos 0-0: Called Strike
0-1: Ball
1-1: Fielders Choice at 2nd, 3-6 (Groundball, 3)
Batting: RHB Enrique Gómez 0-0: Called Strike
0-1: Ball
1-1: Called Strike
1-2: Strikes out swinging
Batting: RHB Justin Smelter 0-0: Ball
1-0: Swinging Strike
1-1: Called Strike
1-2: Ball
2-2: 2-RUN HOME RUN (Flyball, 8RXD), Distance : 431 ft
Batting: LHB Ed Gordon 0-0: Ground out 1-3 (Groundball, P)
Top of the 6th over - 2 runs, 2 hits, 0 errors, 0 left on base; Irving 6 - Glendale 2
BOTTOM OF THE 6TH
Glendale Herons batting - Pitching for Irving Blue Sox : RHP Manuel Montero
Batting: LHB Jin-song Seah 0-0: Fly out, F7 (Flyball, 7)
Batting: LHB Xu Cheng 0-0: Ball
1-0: Called Strike
1-1: Ball
2-1: Ball
3-1: Foul Ball, location: 2F
3-2: Foul Ball, location: 2F
3-2: Foul Ball, location: 2F
3-2: SOLO HOME RUN (Flyball, 9D), Distance : 392 ft
Pitching: RHP Francisco García
Batting: SHB Tommy Dreamer 0-0: Ground out 4-3 (Groundball, 4)
Batting: RHB Hatui Haunani 0-0: Called Strike
0-1: Swinging Strike
0-2: Ball
1-2: Foul Ball, location: 2F
1-2: Strikes out swinging
Bottom of the 6th over - 1 run, 1 hit, 0 errors, 0 left on base; Irving 6 - Glendale 3
TOP OF THE 7TH
Irving Blue Sox batting - Pitching for Glendale Herons : RHP Kagetoki Matsubara
Batting: RHB Carlos Garza 0-0: Fly out, F3 (Popup, 3)
Batting: LHB Mike Clifton 0-0: Ball
1-0: Ball
2-0: Ball
3-0: Called Strike
3-1: Called Strike
3-2: Fly out, F8 (Line Drive, 8LD)
Batting: LHB Juan Jimínez 0-0: SINGLE (Groundball, 34D)
Pitching: RHP Guang Wen
Batting: RHB Vince Staples 0-0: Ball
1-0: Called Strike
1-1: Foul Ball, location: 2F
1-2: Ball
2-2: Foul Ball, location: 2F
2-2: Ball
3-2: Foul Ball, location: 2F
3-2: Ground out 6-3 (Groundball, 6)
Top of the 7th over - 0 runs, 1 hit, 0 errors, 1 left on base; Irving 6 - Glendale 3
BOTTOM OF THE 7TH
Glendale Herons batting - Pitching for Irving Blue Sox : RHP Francisco García
Batting: RHB Luis Trevino 0-0: Called Strike
0-1: Fly out, F9 (Flyball, 9)
Batting: SHB Jesús Herrera 0-0: Called Strike
0-1: Swinging Strike
0-2: Ball
1-2: Strikes out looking
Batting: RHB Francisco Guerra 0-0: Ball
1-0: Fly out, F9 (Flyball, 9S)
Bottom of the 7th over - 0 runs, 0 hits, 0 errors, 0 left on base; Irving 6 - Glendale 3
TOP OF THE 8TH
Irving Blue Sox batting - Pitching for Glendale Herons : RHP Guang Wen
Batting: RHB Scotty Smalls 0-0: Ground out 5-3 (Groundball, 56)
Batting: LHB Ricardo Ríos 0-0: Called Strike
0-1: Fly out, F4 (Line Drive, 4)
Batting: RHB Enrique Gómez 0-0: Foul Ball, location: 2F
0-1: Foul Ball, location: 2F
0-2: Strikes out swinging
Top of the 8th over - 0 runs, 0 hits, 0 errors, 0 left on base; Irving 6 - Glendale 3
BOTTOM OF THE 8TH
Glendale Herons batting - Pitching for Irving Blue Sox : RHP Francisco García
Batting: RHB Jeff Hunter 0-0: DOUBLE (Line Drive, 7LM)
Batting: RHB Michael Sweeney 0-0: Fly out, F8 (Line Drive, 8LD)
Batting: LHB Jin-song Seah 0-0: Swinging Strike
0-1: Ball
1-1: Fly out, F5 (Line Drive, 56)
Batting: LHB Xu Cheng 0-0: Ball
1-0: Ball
2-0: Hit by Pitch
Batting: SHB Tommy Dreamer 0-0: Called Strike
0-1: Ball
1-1: Ball
2-1: Foul Ball, location: 2F
2-2: Ball
3-2: Fly out, F9 (Flyball, 9)
Bottom of the 8th over - 0 runs, 1 hit, 0 errors, 2 left on base; Irving 6 - Glendale 3
TOP OF THE 9TH
Irving Blue Sox batting - Pitching for Glendale Herons : RHP Guang Wen
Batting: RHB Justin Smelter 0-0: Called Strike
0-1: Ball
1-1: Ground out 6-3 (Groundball, 6S)
Batting: LHB Ed Gordon 0-0: Ball
1-0: Swinging Strike
1-1: Ground out 1-3 (Groundball, 13)
Batting: RHB Carlos Garza 0-0: Foul Ball, location: 2F
0-1: Foul Ball, location: 2F
0-2: Strikes out swinging
Top of the 9th over - 0 runs, 0 hits, 0 errors, 0 left on base; Irving 6 - Glendale 3
BOTTOM OF THE 9TH
Glendale Herons batting - Pitching for Irving Blue Sox : RHP Francisco García
Pitching: RHP Matthew Fallows
Batting: RHB Hatui Haunani 0-0: SINGLE (Line Drive, 9LM)
Batting: RHB Luis Trevino 0-0: Ball
1-0: Called Strike
1-1: Fly out, F8 (Flyball, 8LD)
Batting: SHB Jesús Herrera 0-0: Ball
1-0: Fly out, F9 (Flyball, 9)
Batting: RHB Francisco Guerra 0-0: Swinging Strike
0-1: Ball
1-1: Foul Ball, location: 2F
1-2: Ball
2-2: Ball
3-2: Fly out, F4 (Popup, 4)
Bottom of the 9th over - 0 runs, 1 hit, 0 errors, 1 left on base; Irving 6 - Glendale 3
Tuesday, June 12th, 2018 - OOTP Baseball 18.8 Build 76